 Dungeon Crawl Stone Soup version 0.31-a0-1405-g2bb1a01664 (webtiles) character file.

Game seed: 11622867642297589973

1588214 Laraso the Bringer of Law (level 27, 211/246 HPs)
             Began as a Hill Orc Monk on Dec 25, 2023.
             Was the Champion of Zin.
             Escaped with the Orb
             ... and 3 runes on Dec 26, 2023!
             The game lasted 03:24:54 (87047 turns).

Laraso the Bringer of Law (Hill Orc Monk)          Turns: 87047, Time: 03:24:54

Health: 211/246    AC: 41    Str: 33    XL:     27
Magic:  40/49      EV: 28    Int: 40    God:    Zin [******]
Gold:   3691       SH:  0    Dex: 29    Spells: 2/48 levels left

rFire   + + +        a - +9 executioner's axe (heavy)
rCold   + + .        (shield currently unavailable)
rNeg    + + +        E - +10 pearl dragon scales
rPois   ∞            z - +2 helmet {Int+3}
rElec   +            H - scarf of Ytuwunly {rC+ rF+, Regen+ MP+9 Dex+5}
rCorr   +            Q - +2 pair of gloves "Taruzo" {rN+ Int+8}
SInv    +            d - +2 pair of boots
Will    +++..        N - amulet "Hobynwudd" {Spirit rF+ rN+ Slay+2}
Stlth   +            P - ring of Yriur {rF++ Int+6}
HPRegen 1.41/turn    s - ring "Houmigui" {^Drain rElec rF+ Dex+2 SInv}
MPRegen 0.31/turn

%: guardian spirit
@: mighty, brilliant, vitalised, resistant, enlightened, flying, hasted,
studying Unarmed Combat, invisible, very quick
A: no striking features
0: Orb of Zot
}: 3/15 runes: serpentine, barnacled, silver
a: Renounce Religion, Recite, Vitalisation, Imprison, Sanctuary, Donate Gold


You escaped.
You worshipped Zin.
Zin was exalted by your worship.
You visited 11 branches of the dungeon, and saw 51 of its levels.
You also visited: Gauntlet and Wizlab.

You collected 9033 gold pieces.
You spent 5056 gold pieces at shops.
You donated 286 gold pieces to Zin.

Inventory:

Hand Weapons
 a - a +9 heavy executioner's axe (weapon)
 b - the +8 Wrath of Trog {antimagic, *Rage Rampage}
   (You bought it in a shop on level 15 of the Dungeon)

   It causes slowness and exhaustion when equipped.
   It extends the wielder's berserk rage when killing foes.
   *Rage:     It berserks you when you make melee attacks (+50% chance).
   Rampage:   It bestows one free step when moving towards enemies.
Armour
 d - a +2 pair of boots (worn)
 z - a +2 helmet of intelligence (worn)
 E - +10 pearl dragon scales (worn)
 H - the scarf of Ytuwunly (worn) {rC+ rF+, Regen+ MP+9 Dex+5}
   (You acquired it on level 3 of the Crypt)

   Dex+5:     It affects your dexterity (+5).
   MP+9:      It affects your magic capacity (+9).
   Regen+:    It increases your rate of health regeneration.
 Q - the +2 pair of gloves "Taruzo" (worn) {rN+ Int+8}
   (You found it on level 12 of the Dungeon)

   Int+8:     It affects your intelligence (+8).
   rN+:       It protects you from negative energy.
 S - the +4 dragonskin cloak
   (You took it off Tiamat on level 4 of the Realm of Zot)

   Avatar's Aegis: It grants the wearer a chance to resist fire, cold, poison,
   electricity, acid, and negative energy.
Jewellery
 n - a ring of protection from cold
 s - the ring "Houmigui" (right hand) {^Drain rElec rF+ Dex+2 SInv}
   (You found it in a Gauntlet)

   [ring of protection from fire]

   Dex+2:     It affects your dexterity (+2).
   rF+:       It protects you from fire.
   rElec:     It insulates you from electricity.
   SInv:      It lets you see invisible.
   ^Drain:    It drains your maximum health when unequipped.
 v - a ring of poison resistance
 x - a ring of flight
 B - a ring of see invisible
 C - a ring of willpower
 L - a +6 ring of strength
 N - the amulet "Hobynwudd" (around neck) {Spirit rF+ rN+ Slay+2}
   (You acquired it on level 12 of the Dungeon)

   [amulet of guardian spirit]

   Spirit:    It causes incoming damage to be divided between your reserves of
   health and magic.
   Slay+2:    It affects your accuracy & damage with ranged weapons and melee
   (+2).
   rF+:       It protects you from fire.
   rN+:       It protects you from negative energy.
 P - the ring of Yriur (left hand) {rF++ Int+6}
   (You found it on level 2 of the Lair of Beasts)

   [ring of intelligence]

   Int+6:     It affects your intelligence (+6).
   rF++:      It greatly protects you from fire.
 Z - a ring of resist corrosion
Wands
 i - a wand of iceblast (50)
 t - a wand of flame (211)
 I - a wand of quicksilver (52)
 M - a wand of paralysis (45)
Scrolls
 c - 2 scrolls of fog
 g - 15 scrolls of teleportation
 l - 6 scrolls of noise
 m - 5 scrolls of revelation
 q - 6 scrolls of vulnerability
 w - 3 scrolls of silence
 y - 3 scrolls of blinking
 F - 12 scrolls of poison
 G - 33 scrolls of identify
 O - 7 scrolls of fear
 R - 7 scrolls of immolation
 U - 5 scrolls of amnesia
Potions
 e - 4 potions of resistance
 f - 3 potions of haste
 h - 7 potions of brilliance
 j - 10 potions of enlightenment
 o - 8 potions of curing
 p - a potion of magic
 r - 13 potions of attraction
 u - 6 potions of cancellation
 J - 2 potions of berserk rage
 K - 2 potions of might
 T - 14 potions of mutation
Miscellaneous
 k - a phantom mirror


   Skills:
 - Level 20.0 Fighting
 - Level 24.0 Axes
 - Level 21.1 Armour
 - Level 18.0 Dodging
 - Level 11.1 Spellcasting
 - Level 7.0 Hexes
 * Level 24.7 Summonings
 - Level 10.0 Translocations
 - Level 3.0 Air Magic
 - Level 7.0 Earth Magic
 O Level 27 Invocations
 - Level 6.0 Evocations


You had 2 spell levels left.
You knew the following spells:

 Your Spells              Type           Power      Damage    Failure   Level
a - Animate Armour        Summ/Erth      100%       N/A       1%          4
b - Blink                 Tloc           100%       N/A       1%          2
c - Vhi's Electric Charg  Tloc/Air       100%       N/A       1%          4
d - Dragon's Call         Summ           73%        N/A       10%         9
e - Summon Mana Viper     Hex/Summ       100%       N/A       1%          5
f - Manifold Assault      Tloc           100%       N/A       1%          4
g - Monstrous Menagerie   Summ           73%        N/A       1%          7
r - Summon Hydra          Summ           73%        N/A       1%          7
t - Passage of Golubria   Tloc           100%       N/A       1%          4

Your spell library contained the following spells:

 Spells                   Type           Power      Damage    Failure   Level
 Summon Small Mammal      Summ           100%       N/A       0%          1
 Call Imp                 Summ           100%       N/A       0%          2
 Apportation              Tloc           100%       N/A       1%          1
 Sandblast                Erth           100%       2d20      1%          1
 Slow                     Hex            100%       N/A       1%          1
 Jinxbite                 Hex            100%       N/A       1%          2
 Lesser Beckoning         Tloc           100%       N/A       1%          2
 Mercury Vapours          Alch/Air       100%       N/A       1%          2
 Momentum Strike          Conj/Tloc      100%       3d10      1%          2
 Passwall                 Alch/Erth      55%        N/A       1%          2
 Static Discharge         Conj/Air       100%       3-8/arc   1%          2
 Foxfire                  Conj/Fire      100%       2x1d9     2%          1
 Freeze                   Ice            100%       1d10      2%          1
 Magic Dart               Conj           100%       1d8       2%          1
 Necrotise                Necr           100%       1d9       2%          1
 Sting                    Conj/Alch      100%       1d9       2%          1
 Cigotuvi's Dreadful Rot  Necr/Alch/Air  90%        N/A       2%          2
 Sublimation of Blood     Necr           33%        N/A       3%          2
 Call Canine Familiar     Summ           100%       N/A       0%          3
 Summon Guardian Golem    Hex/Summ       100%       N/A       0%          3
 Confusing Touch          Hex            87%        N/A       1%          3
 Dazzling Flash           Conj/Hex       100%       N/A       1%          3
 Sigil of Binding         Hex            87%        N/A       1%          3
 Stone Arrow              Conj/Erth      100%       3d13      1%          3
 Tukima's Dance           Hex            87%        N/A       1%          3
 Volatile Blastmotes      Fire/Tloc      100%       2d18      1%          3
 Cause Fear               Hex            43%        N/A       1%          4
 Dimensional Bullseye     Hex/Tloc       47%        N/A       1%          4
 Summon Ice Beast         Ice/Summ       100%       N/A       1%          4
 Summon Lightning Spire   Summ/Air       100%       N/A       1%          4
 Iskenderun's Mystic Bla  Conj/Tloc      75%        2d15      3%          4
 Lee's Rapid Deconstruct  Erth           43%        3d21*     3%          5
 Mephitic Cloud           Conj/Alch/Air  45%        N/A       4%          3
 Anguish                  Hex/Necr       33%        N/A       6%          4
 Brom's Barrelling Bould  Conj/Erth      66%        2d8       6%          4
 Leda's Liquefaction      Alch/Erth      33%        N/A       6%          4
 Petrify                  Alch/Erth      66%        N/A       6%          4
 Airstrike                Air            31%        2d(5-21)  7%          4
 Frozen Ramparts          Ice            66%        1d10      8%          3
 Hailstorm                Conj/Ice       33%        3d8       8%          3
 Ozocubu's Armour         Ice            33%        N/A       8%          3
 Vampiric Draining        Necr           33%        2d8       8%          3
 Silence                  Hex/Air        37%        N/A       9%          5
 Spellforged Servitor     Conj/Summ      55%        N/A       13%         7
 Metabolic Englaciation   Hex/Ice        33%        N/A       16%         5
 Yara's Violent Unravell  Hex/Alch       33%        3d14      16%         5
 Animate Dead             Necr           33%        N/A       24%         4
 Dispel Undead            Necr           33%        3d14      24%         4
 Flame Wave               Conj/Fire      33%        2d10      24%         4
 Fulminant Prism          Conj/Alch      16%        3d10      24%         4
 Ignite Poison            Fire/Alch      33%        N/A       24%         4
 Freezing Cloud           Conj/Ice/Air   22%        6-21      41%         5
 Agony                    Necr           33%        N/A       56%         5
 Fireball                 Conj/Fire      16%        3d8       56%         5
 Iskenderun's Battlesphe  Conj           33%        2d9       56%         5
 Bombard                  Conj/Erth      33%        9d6       65%         6
 Enfeeble                 Hex            43%        N/A       75%         7
 Conjure Ball Lightning   Conj/Air       25%        3x3d7     90%         6
 Plasma Beam              Fire/Air       25%        2x1d37    90%         6
 Death Channel            Necr           16%        N/A       98%         6
 Simulacrum               Ice/Necr       16%        N/A       98%         6
 Starburst                Conj/Fire      16%        6d6       98%         6
 Orb of Destruction       Conj           16%        9d7       100%        7
 Ozocubu's Refrigeration  Ice            16%        4d11      100%        7
 Lehudib's Crystal Spear  Conj/Erth      33%        10d8      100%        8
 Maxwell's Capacitive Co  Air            31%        ∞         100%        8
 Chain Lightning          Conj/Air       25%        3d33      100%        9
 Polar Vortex             Ice            16%        12d2*     100%        9


Dungeon Overview and Level Annotations

Branches:
Dungeon (15/15)            Temple (1/1) D:4            Lair (5/5) D:8
 Shoals (4/4) Lair:2        Snake (4/4) Lair:3        Slime (0/5) Lair:4
    Orc (2/2) D:12            Elf (3/3) Orc:2        Vaults (5/5) D:14
  Crypt (3/3) Vaults:2       Tomb (0/3) Crypt:3      Depths (4/4) D:15
    Zot (5/5) Depths:4     WizLab (visited)         Gauntlet (visited)

Altars:
Ashenzari
Cheibriados
Dithmenos
Elyvilon
Fedhas
Gozag
Hepliaklqana
Kikubaaqudgha
Makhleb
Nemelex Xobeh
Okawaru
Qazlal
Ru
Sif Muna
Trog
Uskayaw
Vehumet
Wu Jian
Xom
Yredelemnul
Zin
The Shining One
Beogh
Jiyva

Shops:
D:6 :   D:7 [   D:12 *   D:15 !=(*   Orc:2 ([[(   Elf:1 [   Elf:2 :(:::=:*
Shoals:2 *   Snake:2 ?   Vaults:2 !   Vaults:3 *   Depths:1 !([

Portals:
Hell: Depths:1 Depths:2 Depths:3 Depths:4
Abyss: Depths:2 Depths:3
Pandemonium: Depths:2 Depths:3
Ziggurat: Depths:2

Annotations:
D:7 ksail's ghost, novice MiFi
Shoals:3 6 transporters
Elf:2 5 runed translucent doors
Vaults:4 2 transporters, exclusion: orange crystal statue


Message History

The Hell Sentinel roars!
There is a staircase leading out of the dungeon here.
You cut the Hell Sentinel into ribbons!!!!
The Hell Sentinel is heavily wounded.
The Hell Sentinel gestures at you.
The sphere of damnation explodes!
The damnation engulfs you!!
The damnation engulfs the Hell Sentinel.
The Hell Sentinel completely resists.
The Hell Sentinel hits you but does no damage.
The Hell Sentinel completely misses you.
You hit the Hell Sentinel but do no damage.
The Hell Sentinel is heavily wounded.
The Hell Sentinel hits you but does no damage. x2
You carve the Hell Sentinel like a ham!!!
The Hell Sentinel is almost dead.
The Hell Sentinel gestures at you. The iron shot hits you!!
You slice the Hell Sentinel like a ripe choko!!!
You kill the Hell Sentinel!
You feel your dexterity returning.
There is a staircase leading out of the dungeon here.
Press: ? - help, v - describe, . - travel A staircase leading out of the dungeon.
This square is covered in magical glow.
Okay, then.
Search for what [Enter for "dungeon", or ? for help]? staircase Unknown command.
Okay, then.
Okay, then.
You feel clever all of a sudden.
You feel very buoyant.
You fly up into the air.
You feel yourself speed up.
You feel protected.
You fade into invisibility!
You feel very mighty all of a sudden. Zin grants you divine stamina.
Okay, then.
Okay, then.
You have escaped!

............≈...#...≈.....# #.#
#######..#...≈..#..≈...#..###.#
######)...#..≈..#..≈..#.....#.#
...........#..≈.#.≈..#........#
######..≈...#.≈.#.≈.#...≈...###
#...≈≈..#.≈§§.#..≈§....#
#.....≈≈.#...#.≈≈..§...#
###.......≈...§.≈........#
#...######...@...######.##
#.#.......≈.....≈.......#
#.#.....≈§.#...#.≈≈.....#
#.#...≈≈..#.≈.≈.#..≈≈§§.#
####.#..≈...#.≈.#.§.#...≈§.#
#..........#.(≈.#§§§.#..§§.#
#.........#..≈§.#§.§..#....#
.........#...≈..#..§§..#...#
............≈...#.§.≈......#


There were no monsters in sight!

Vanquished Creatures
  4 dread liches
  3 ancient liches
  4 orbs of fire
  Tiamat (Zot:4)
  Xtahua (Crypt:1)
  A shard shrike (Zot:1)
  Parghit (Zot:1)
  Vashnia (Snake:3)
  4 Killer Klowns
  10 caustic shrikes
  A curse toe (Zot:4)
  The ghost of Pimiptod the Executioner, an adept MiFi of the Shining One (Crypt:2)
  17 golden dragons
  2 bone dragons (Crypt:3)
  3 doom hounds (Zot:2)
  The ghost of Dyigyrgh the Warrior, an adept GrFi of Cheibriados (Crypt:2)
  3 electric golems (Zot:1)
  A shard shrike zombie (Crypt:3)
  20 Orb Guardians
  2 Ice Fiends
  2 walking crystal tomes (Depths:3)
  15 tentacled monstrosities
  A Hell Sentinel (D:1)
  Rupert (D:13)
  A deep elf blademaster (Elf:3)
  Asterion (Vaults:3)
  5 liches
  A moon troll (WizLab)
  2 walking divine tomes
  6 tentacled starspawn (WizLab)
  3 walking frostbound tomes
  7 quicksilver dragons
  A kraken (Shoals:3)
  2 sphinxes
  5 ancient champions
  5 deep elf master archers
  3 titans (Vaults:5)
  11 death cobs
  13 tengu reavers
  5 draconian monks
  4 nagarajas (Snake:4)
  12 shadow dragons
  2 revenants
  5 protean progenitors
  Kirke (Lair:4)
  Roxanne (Snake:4)
  13 draconian knights
  13 storm dragons
  7 fire giants
  12 frost giants
  8 draconian shifters
  6 deep elf sorcerers
  2 balrugs
  3 ghost moths
  18 vault wardens
  A cacodemon (WizLab)
  2 deep elf elementalists
  8 draconian stormcallers
  2 orc warlords
  3 spriggan defenders (Depths:2)
  21 ironbound preservers
  A reaper (Crypt:2)
  10 draconian scorchers
  4 ghouls (Crypt:3)
  7 draconian annihilators
  15 green draconians
  A formless jellyfish (Vaults:1)
  15 stone giants
  41 very ugly things
  An elemental wellspring (Shoals:1)
  13 ironbound thunderhulks
  3 deep elf demonologists (Elf:3)
  6 deep elf death magi
  5 deep elf annihilators
  4 vampire knights
  3 bunyips
  16 red draconians
  22 purple draconians
  7 war gargoyles
  A minotaur (Gauntlet)
  18 black draconians
  15 spark wasps
  2 dire elephants
  Azrael (Snake:1)
  14 white draconians
  7 eidola
  14 yellow draconians
  2 crystal guardians
  Snorg (Orc:2)
  4 merfolk javelineers
  5 ettins
  The ghost of Tollund the Summoner, a journeyman FeSu of Gozag (Orc:2)
  A green death (D:11)
  3 merfolk impalers (Shoals:4)
  Josephine (Orc:2)
  7 deep elf high priests
  6 jiangshi
  17 fire dragons
  15 yaktaur captains
  7 great orbs of eyes
  13 ice dragons
  3 rakshasas
  9 hydras
  6 peacekeepers
  4 spriggan air magi (Depths:2)
  31 vault guards
  Erica (D:11)
  A death knight (Crypt:2)
  4 catoblepae
  24 centaur warriors
  11 ironbound frosthearts
  7 boulder beetles
  3 ogre magi (Vaults:5)
  11 dancing weapons
  2 merfolk avatars
  4 alligator snapping turtles
  14 two-headed ogres
  An Orb Guardian skeleton (Crypt:3)
  7 naga warriors
  6 tengu warriors
  2 merfolk aquamancers
  2 sphinx skeletons
  7 satyrs (Shoals:4)
  10 deep troll earth magi
  17 anacondas
  9 death yaks
  11 deep troll shamans
  An orc high priest (Orc:2)
  7 vampire magi
  11 hell knights
  9 spriggan berserkers
  A bennu skeleton (Crypt:3)
  Urug (Orc:2)
  12 naga sharpshooters
  4 soul eaters
  An occultist (Depths:2)
  9 deep elf knights
  8 shock serpents
  A wretched star (WizLab)
  A titan skeleton (Crypt:3)
  3 sun demons (Zot:1)
  Amaemon (Lair:2)
  11 iron trolls
  3 salamander mystics
  33 skeletal warriors
  3 flayed ghosts
  An iron giant zombie (Crypt:2)
  An orange crystal statue (WizLab)
  2 shadow wraiths
  9 skysharks
  A bunyip zombie (Crypt:3)
  17 sea snakes
  A death drake (shapeshifter) (Depths:4)
  66 deep trolls
  2 deep trolls (shapeshifter) (Vaults:5)
  19 ironbound convokers
  An orb spider (shapeshifter) (Elf:1)
  A swamp dragon (Zot:4)
  A bog body (Crypt:3)
  7 naga ritualists
  11 deep elf archers
  16 glowing orange brains
  2 tengu zombies
  17 deep elf zephyrmancers
  9 orc knights
  9 arcanists
  33 harpies
  14 deep elf pyromancers
  11 lindwurms
  A glowing orange brain (shapeshifter) (Vaults:5)
  51 ugly things
  A wolf spider (shapeshifter) (Vaults:5)
  7 mana vipers
  5 orc sorcerers (Orc:2)
  A steelbarb worm (shapeshifter) (Vaults:5)
  9 phantasmal warriors
  5 necromancers
  15 manticores
  25 fauns
  2 shining eyes (Zot:4)
  A wolf spider (Vaults:5)
  20 moths of wrath
  12 cyclopes
  7 salamanders
  4 guardian serpents (Snake:4)
  A meliai (D:13)
  2 kobold blastminers (Orc:2)
  12 naga magi
  A rust devil (D:7)
  38 black mambas
  16 merfolk sirens
  6 water nymphs
  2 gargoyles
  8 elephants (Lair:5)
  A torpor snail (Lair:1)
  A cane toad (shapeshifter) (Vaults:5)
  6 eyes of devastation (WizLab)
  An orange demon (Lair:2)
  3 smoke demons
  A grey draconian zombie (Crypt:3)
  12 vault sentinels
  12 cane toads
  A yellow draconian zombie (Crypt:3)
  41 yaktaurs
  2 unseen horrors
  6 rime drakes
  A tormentor (Depths:4)
  A catoblepas zombie (Crypt:1)
  3 kobold demonologists
  2 minotaur zombies (Gauntlet)
  7 freezing wraiths
  4 efreet
  A green draconian skeleton (Crypt:1)
  5 komodo dragons
  7 tengu conjurers
  A black draconian skeleton (Crypt:2)
  6 polar bears
  5 wind drakes
  15 trolls
  23 merfolk
  An iron troll skeleton (Crypt:1)
  A boulder beetle zombie (Crypt:3)
  8 saltlings (Orc:2)
  The ghost of SecretSquirrel the Shooter, an amateur DsHu (D:3)
  7 hornets
  7 snapping turtles
  11 dream sheep
  12 blink frogs
  A glass eye (Depths:2)
  Sigmund (D:3)
  A spriggan zombie (D:15)
  An air elemental (Elf:2)
  2 ice dragon skeletons (Crypt:2)
  37 slime creatures
  4 shadows
  A vampire (D:11)
  A shapeshifter (D:13)
  4 spriggans
  13 water elementals
  15 wraiths
  54 yaks
  A ynoxinul (Depths:3)
  A yak (shapeshifter) (D:13)
  7 hogs
  2 wyverns
  7 fire elementals
  5 golden eyes (Zot:1)
  A yaktaur simulacrum (Vaults:4)
  A neqoxec (WizLab)
  3 wargs
  3 basilisks
  5 vampire mosquitoes
  2 redbacks (Zot:5)
  A swamp worm (shapeshifter) (Vaults:5)
  An acid dragon (Zot:4)
  32 water moccasins
  26 nagas
  2 hydra simulacra (Zot:1)
  3 hell hounds
  7 nameless horrors
  4 black bears
  25 orc warriors
  A sky beast (D:8)
  A cane toad skeleton (Crypt:1)
  7 ice beasts
  A tengu (shapeshifter) (D:13)
  12 ogres
  A laughing skull (Crypt:3)
  A torpor snail zombie (Crypt:2)
  23 wolves
  11 centaurs
  5 starcursed masses (WizLab)
  A phantom (D:7)
  2 kobold brigands
  A rime drake skeleton (Crypt:1)
  A gnoll sergeant (D:7)
  A human zombie (Vaults:4)
  14 bullfrogs
  A warg zombie (Crypt:2)
  A small abomination (D:7)
  2 earth elementals (Elf:1)
  4 wights (D:7)
  14 killer bees
  A raiju skeleton (Crypt:3)
  A howler monkey (D:10)
  A crimson imp (D:6)
  2 bombardier beetles
  4 hounds
  3 jellies (D:5)
  2 gnoll boudas
  20 orc priests
  7 iguanas
  A basilisk skeleton (Crypt:3)
  A sleepcap (D:6)
  Natasha (thrice) (D:2)
  29 orc wizards
  A scorpion zombie (Crypt:2)
  A sky beast zombie (Crypt:3)
  A deep dwarf skeleton (Crypt:1)
  9 gnolls (D:7)
  24 adders
  A shadow imp (D:6)
  An iguana skeleton (Crypt:1)
  2 worms
  3 dart slugs
  65 orcs
  9 endoplasms
  3 giant cockroaches
  7 goblins
  2 hobgoblins
  7 jackals
  5 quokkas
  6 ball pythons
  A ball python zombie (Crypt:1)
  7 bats
  4 frilled lizards
  A frilled lizard zombie (Crypt:1)
  12 kobolds
  A kobold zombie (Crypt:3)
  7 rats
  An aspiring flesh (Zot:5)
  A spectral weapon (Gauntlet)
  6 starspawn tentacles (WizLab)
  A tentacle (Shoals:3)
2333 creatures vanquished.

Vanquished Creatures (collateral kills)
  A juggernaut (Depths:4)
  Sojobo (Depths:4)
  A caustic shrike (Depths:2)
  A golden dragon (Zot:2)
  A bone dragon (Depths:4)
  An electric golem (Zot:5)
  A tentacled monstrosity (Zot:2)
  Grunn (Zot:2)
  3 Orb Guardians (Zot:5)
  A titan (Vaults:5)
  A deep elf blademaster (Elf:3)
  An ancient champion (Crypt:3)
  A death cob (Zot:2)
  Aizul (D:15)
  A shadow dragon (Vaults:5)
  3 nagarajas (Snake:4)
  A fire giant (Depths:2)
  2 draconian shifters (Zot:2)
  A draconian scorcher (Zot:2)
  A draconian monk (Zot:1)
  A vault warden (Vaults:2)
  A deep elf elementalist (Elf:3)
  A draconian stormcaller (Zot:2)
  2 draconian annihilators
  An ironbound preserver (Vaults:3)
  10 very ugly things
  An ironbound thunderhulk (Vaults:1)
  A black draconian (Zot:2)
  A stone giant (Depths:2)
  A vampire knight (Depths:2)
  A yellow draconian (Depths:4)
  A deep elf death mage (Vaults:5)
  A bunyip (Zot:4)
  A deep elf annihilator (Elf:3)
  A red draconian (Zot:2)
  A fire dragon (Depths:1)
  A merfolk impaler (Shoals:4)
  An ettin (Vaults:5)
  5 vault guards (Vaults:5)
  An ice dragon (Depths:4)
  2 anacondas
  A dancing weapon (Elf:1)
  A two-headed ogre (shapeshifter) (Vaults:5)
  4 naga warriors
  4 naga sharpshooters
  A hell knight (Vaults:5)
  An iron troll (Depths:4)
  A storm dragon skeleton (Crypt:1)
  A salamander mystic (Snake:3)
  A sea snake (Snake:3)
  A deep troll (Vaults:2)
  A bunyip zombie (Crypt:1)
  5 lindwurms
  An arcanist (Vaults:1)
  3 necromancers
  A naga ritualist (Snake:1)
  2 phantasmal warriors (Vaults:5)
  An ironbound convoker (Vaults:5)
  A faun (Shoals:4)
  4 ugly things
  A moth of wrath (Zot:4)
  A mana viper (Snake:3)
  A shining eye (Zot:4)
  A salamander (Snake:1)
  3 black mambas
  An eye of devastation (WizLab)
  2 vault sentinels (Vaults:5)
  A yaktaur (Vaults:3)
  A merfolk (Shoals:4)
  A centaur simulacrum (Crypt:1)
  A slime creature (Vaults:2)
  A demonspawn zombie (Crypt:1)
  3 nagas
  A spectral weapon (Vaults:3)
115 creatures vanquished.

Vanquished Creatures (others)
  Norris (Depths:1)
  A stone giant (Depths:1)
  A very ugly thing (Depths:1)
  A yaktaur captain (Vaults:2)
  A skyshark (Depths:1)
  A rime drake (Zot:4)
  A merfolk (Shoals:2)
  5 dream sheep (D:10)
  A starspawn tentacle (WizLab)
  4 tentacles (Shoals:3)
17 creatures vanquished.

Grand Total: 2465 creatures vanquished

Notes
Turn   | Place    | Note
-------+----------+-------------------------------------------
     0 | D:1      | Laraso the Hill Orc Monk began the quest for the Orb.
     0 | D:1      | Reached XP level 1. HP: 19/19 MP: 1/1
   263 | D:1      | Reached XP level 2. HP: 20/26 MP: 2/2
   407 | D:1      | Reached skill level 5 in Axes
   732 | D:2      | Reached XP level 3. HP: 31/31 MP: 3/3
   932 | D:2      | Noticed Natasha
   940 | D:2      | Killed Natasha
   941 | D:2      | Reached XP level 4. HP: 27/39 MP: 4/4
  1441 | D:2      | Noticed Natasha
  1448 | D:2      | Killed Natasha
  1449 | D:2      | Reached XP level 5. HP: 18/45 MP: 5/5
  1854 | D:3      | Noticed Sigmund
  1865 | D:3      | Killed Sigmund
  1866 | D:3      | Reached XP level 6. HP: 29/51 MP: 6/6
  1971 | D:3      | Identified the +3 scale mail "Sezxodas" {rPois rN+}
  2220 | D:3      | Found a large runed translucent door.
  2220 | D:3      | Found a large runed translucent door.
  2365 | D:3      | Noticed SecretSquirrel's ghost (amateur DsHu)
  2491 | D:3      | Identified a scroll of acquirement
  2491 | D:3      | Acquired a +3 heavy executioner's axe
  2735 | D:3      | Killed SecretSquirrel's ghost
  2736 | D:3      | Reached skill level 10 in Axes
  2736 | D:3      | Reached XP level 7. HP: 37/57 MP: 7/7
  3171 | D:4      | Identified the +1 leather armour "Peroamap" {rElec rC-
                  | Regen+}
  3616 | D:4      | Found a staircase to the Ecumenical Temple.
  3713 | Temple   | Entered the Ecumenical Temple
  3745 | Temple   | Became a worshipper of Zin the Law-Giver
  3745 | Temple   | Reached * piety under Zin
  3745 | Temple   | Reached ** piety under Zin
  3958 | D:5      | Entered Level 5 of the Dungeon
  4097 | D:5      | Reached skill level 1 in Invocations
  4099 | D:5      | Reached skill level 2 in Invocations
  4101 | D:5      | Reached XP level 8. HP: 51/64 MP: 7/9
  4263 | D:5      | Reached *** piety under Zin
  4278 | D:5      | Reached skill level 3 in Invocations
  5110 | D:5      | Reached skill level 4 in Invocations
  5385 | D:6      | Found a burning altar of Makhleb.
  5449 | D:6      | Found Gyejifuc's Vocational Training.
  5579 | D:6      | Noticed a yak
  5580 | D:6      | Noticed a yak
  5625 | D:5      | Killed a yak
  5795 | D:5      | Reached skill level 5 in Invocations
  5896 | D:6      | Reached XP level 9. HP: 70/70 MP: 13/13
  5969 | D:6      | Reached skill level 6 in Invocations
  6606 | D:6      | Reached skill level 7 in Invocations
  6817 | D:6      | Reached skill level 15 in Axes
  7216 | D:7      | Reached **** piety under Zin
  7255 | D:7      | Reached skill level 8 in Invocations
  7938 | D:7      | Found a runed translucent gate.
  7938 | D:7      | Found a runed translucent gate.
  7938 | D:7      | Found a runed translucent gate.
  8046 | D:7      | Noticed ksail's ghost (novice MiFi)
  8076 | D:7      | Reached XP level 10. HP: 74/77 MP: 16/16
  8180 | D:7      | Reached skill level 9 in Invocations
  8435 | D:7      | Found Mowkum's Antique Armour Emporium.
  8601 | D:7      | Acquired a +1 battleaxe of flaming
  9332 | D:8      | Reached skill level 10 in Invocations
 10218 | D:8      | Found a staircase to the Lair.
 10693 | D:8      | Identified the +3 plate armour of Duck's Teeth {Rampage}
 10734 | D:8      | Reached skill level 11 in Invocations
 10798 | D:8      | Identified the +0 leather armour "Neqoel" {Will+ Str-4
                  | Int+6}
 10940 | D:9      | Noticed a skeletal warrior
 10940 | D:9      | Noticed a skeletal warrior
 10988 | Lair:1   | Entered Level 1 of the Lair of Beasts
 11069 | Lair:1   | Noticed a cane toad
 11077 | Lair:1   | Killed a cane toad
 11277 | Lair:1   | Reached XP level 11. HP: 66/82 MP: 19/19
 11558 | Lair:1   | Noticed a death yak
 12222 | Lair:2   | Noticed a skyshark
 12231 | Lair:2   | Killed a skyshark
 12668 | Lair:2   | Reached skill level 1 in Armour
 12739 | Lair:2   | Noticed a seven-headed hydra
 12970 | Lair:2   | Found a staircase to the Shoals.
 12970 | Lair:2   | Noticed a harpy
 12981 | Lair:2   | Killed a harpy
 13037 | Lair:2   | Reached skill level 5 in Armour
 13198 | Lair:2   | Noticed a boulder beetle
 13230 | Lair:2   | Killed a boulder beetle
 13399 | Lair:2   | Reached XP level 12. HP: 77/90 MP: 20/20
 13500 | Lair:2   | Noticed Amaemon
 13536 | Lair:2   | Killed Amaemon
 13835 | Lair:2   | Killed a three-headed hydra
 14091 | Lair:2   | Noticed a six-headed hydra
 14098 | Lair:2   | Killed a three-headed hydra
 14556 | Lair:3   | Reached skill level 5 in Dodging
 14659 | Lair:3   | Found a staircase to the Snake Pit.
 14945 | Lair:3   | Noticed a catoblepas
 15914 | Lair:3   | Noticed a six-headed hydra
 15923 | Lair:3   | Killed a two-headed hydra
 15924 | Lair:3   | Reached skill level 10 in Armour
 16111 | Lair:3   | Noticed a catoblepas
 16201 | Lair:2   | Killed a catoblepas
 16202 | Lair:2   | Reached XP level 13. HP: 76/95 MP: 21/21
 17738 | Lair:4   | Reached skill level 5 in Fighting
 18075 | Lair:4   | Found a shimmering altar of Xom.
 18415 | Lair:4   | Reached ***** piety under Zin
 18803 | Lair:4   | Found a viscous altar of Jiyva.
 18803 | Lair:4   | Found a staircase to the Slime Pits.
 18888 | Lair:5   | Entered Level 5 of the Lair of Beasts
 19098 | Lair:5   | Noticed Kirke
 19211 | Lair:4   | Killed Kirke
 19377 | Lair:5   | Reached skill level 10 in Fighting
 20134 | Lair:5   | Found a stormy altar of Qazlal.
 20295 | Lair:5   | Reached XP level 14. HP: 96/121 MP: 22/22
 21169 | Lair:5   | Noticed a dire elephant
 21311 | Lair:5   | Killed a dire elephant
 21386 | Lair:5   | Identified the +9 orcbow of Youthful Indiscretion {drain,
                  | Will+ Int+5}
 22371 | D:10     | Entered Level 10 of the Dungeon
 22920 | D:10     | Found a shimmering altar of Xom.
 23121 | D:11     | Reached ****** piety under Zin
 23143 | D:11     | Noticed Erica
 23149 | D:11     | Killed Erica
 23848 | D:12     | Found a transporter.
 23850 | D:12     | Found a transporter.
 23864 | D:12     | Identified the +2 pair of gloves "Taruzo" {rN+ Int+8}
 23903 | D:12     | Acquired the amulet "Hobynwudd" {Spirit rF+ rN+ Slay+2}
 24218 | D:12     | Found a staircase to the Orcish Mines.
 24501 | D:12     | Found Voqo's Assorted Antiques.
 24523 | D:12     | Bought a scroll of blinking for 135 gold pieces
 24624 | D:13     | Noticed Rupert
 24628 | D:13     | Reached XP level 15. HP: 104/129 MP: 20/23
 24637 | D:13     | Killed Rupert
 24638 | D:13     | Reached skill level 12 in Invocations
 26106 | D:13     | Reached skill level 13 in Invocations
 26997 | D:14     | Found a gate to the Vaults.
 27496 | D:15     | Entered Level 15 of the Dungeon
 27545 | D:15     | Reached skill level 14 in Invocations
 27645 | D:15     | Found Muakleesav's Assorted Antiques.
 27685 | D:15     | Found a radiant altar of Vehumet.
 27730 | D:15     | Found Giotwor's Jewellery Shop.
 27743 | D:15     | Found Ygices Gun's Antique Weapon Emporium.
 27758 | D:15     | Reached skill level 15 in Fighting
 27965 | D:15     | Found a staircase to the Depths.
 27968 | D:15     | Reached XP level 16. HP: 128/149 MP: 21/27
 27988 | D:15     | Reached skill level 15 in Invocations
 28177 | D:15     | Found Taq Vuaf's Distillery.
 28454 | Orc:1    | Entered Level 1 of the Orcish Mines
 28634 | Orc:1    | Found a roughly hewn altar of Beogh.
 29012 | Orc:2    | Entered Level 2 of the Orcish Mines
 29012 | Orc:2    | Noticed Josephine
 29012 | Orc:2    | Found Ytefuef's Antique Weapon Boutique.
 29017 | Orc:2    | Killed Josephine
 29037 | Orc:2    | Noticed Snorg
 29044 | Orc:2    | Found a runed translucent gate.
 29044 | Orc:2    | Found a runed translucent gate.
 29044 | Orc:2    | Found a runed translucent gate.
 29053 | Orc:2    | Killed Snorg
 29265 | Orc:2    | Noticed Tollund's ghost (journeyman FeSu)
 29319 | Orc:2    | Paralysed by an orc sorcerer for 3 turns
 29396 | Orc:2    | Found a gate leading to a gauntlet.
 29430 | Gauntlet | Entered a Gauntlet
 29430 | Gauntlet | Found a transporter.
 29435 | Gauntlet | Found a transporter.
 29437 | Gauntlet | Found a transporter.
 29441 | Gauntlet | Found a runed translucent door.
 29456 | Gauntlet | Found a runed translucent door.
 29459 | Gauntlet | Found a transporter.
 29462 | Gauntlet | Found a transporter.
 29475 | Gauntlet | Found a transporter.
 29482 | Gauntlet | Found a runed translucent door.
 29486 | Gauntlet | Found a transporter.
 29500 | Gauntlet | Found a transporter.
 29510 | Gauntlet | Found a transporter.
 29525 | Gauntlet | Found a transporter.
 29540 | Gauntlet | Found a transporter.
 29540 | Gauntlet | Found a transporter.
 29589 | Gauntlet | Found a transporter.
 29604 | Gauntlet | Found a transporter.
 29845 | Gauntlet | Identified the ring "Houmigui" {^Drain rElec rF+ Dex+2
                  | SInv}
 29861 | Gauntlet | Found the +9 sword of Power {lifebolt}
 29867 | Gauntlet | Reached skill level 16 in Invocations
 30227 | Orc:2    | Found a staircase to the Elven Halls.
 30612 | Orc:2    | Found Ufoddoz's Armour Shoppe.
 30630 | Orc:2    | Noticed Urug
 30633 | Orc:2    | Found Ubliy's Antique Armour Shop.
 30634 | Orc:2    | Found a roughly hewn altar of Beogh.
 30642 | Orc:2    | Killed Urug
 30659 | Orc:2    | Found Omoefo's Weapon Shop.
 30843 | Orc:2    | Found Eptobeomio's Armour Boutique.
 30856 | Orc:2    | Bought a +0 pair of gloves for 45 gold pieces
 30915 | Orc:2    | Killed Tollund's ghost
 31102 | Shoals:1 | Entered Level 1 of the Shoals
 32390 | Shoals:1 | Reached skill level 17 in Invocations
 32492 | Shoals:1 | Reached skill level 1 in Summonings
 32505 | Shoals:1 | Learned a level 4 spell: Animate Armour
 32509 | Shoals:1 | Learned a level 3 spell: Call Canine Familiar
 32780 | Shoals:2 | Found Qolaxirr's Island Escapes.
 33034 | Shoals:2 | Reached XP level 17. HP: 156/156 MP: 29/29
 33075 | Shoals:2 | Reached skill level 5 in Summonings
 33580 | Shoals:2 | Reached skill level 1 in Earth Magic
 34678 | Shoals:3 | Found a transporter.
 35131 | Shoals:3 | Reached skill level 18 in Invocations
 35132 | Shoals:3 | Found a transporter.
 35589 | D:15     | Bought the +8 Wrath of Trog {antimagic, *Rage Rampage} for
                  | 2160 gold pieces
 35589 | D:15     | Found the +8 Wrath of Trog {antimagic, *Rage Rampage}
 35816 | Lair:2   | Reached skill level 10 in Summonings
 35902 | Lair:2   | Identified the staff of Puz Dunt {Int+2 Earth}
 35903 | Lair:2   | Identified the ring of Yriur {rF++ Int+6}
 36065 | Shoals:3 | Found a transporter.
 36067 | Shoals:3 | Found a transporter.
 36315 | Shoals:3 | Noticed a kraken
 36322 | Shoals:3 | Killed a kraken
 36323 | Shoals:3 | Reached skill level 5 in Earth Magic
 36399 | Shoals:3 | Found a transporter.
 36399 | Shoals:3 | Found a transporter.
 36760 | Shoals:4 | Entered Level 4 of the Shoals
 37511 | Shoals:4 | Reached XP level 18. HP: 120/163 MP: 26/31
 38396 | Shoals:4 | Reached skill level 19 in Invocations
 38766 | Shoals:4 | Got a barnacled rune of Zot
 39173 | Snake:1  | Entered Level 1 of the Snake Pit
 39802 | Snake:1  | Noticed Azrael
 39810 | Snake:1  | Killed Azrael
 39876 | Snake:1  | Identified the +5 hand axe of the Shining Light {flame,
                  | ^Drain Dex+7}
 39988 | Snake:1  | Reached skill level 20 in Invocations
 41395 | Snake:2  | Found Idweemeu's Magic Scroll Shop.
 41452 | Snake:2  | Bought a scroll of blinking for 150 gold pieces
 41452 | Snake:2  | Bought a scroll of enchant armour for 150 gold pieces
 41899 | Snake:3  | Noticed Vashnia
 41913 | Snake:3  | Reached skill level 21 in Invocations
 41913 | Snake:3  | Killed Vashnia
 42108 | Snake:3  | Learned a level 4 spell: Summon Lightning Spire
 42114 | Snake:3  | Learned a level 3 spell: Summon Guardian Golem
 42192 | Snake:3  | Reached skill level 1 in Hexes
 42215 | Snake:3  | Reached skill level 1 in Air Magic
 42663 | Snake:4  | Entered Level 4 of the Snake Pit
 42676 | Snake:4  | Reached XP level 19. HP: 145/170 MP: 28/33
 43110 | Snake:4  | Noticed Roxanne
 43908 | Snake:4  | Reached skill level 15 in Summonings
 43933 | Snake:4  | Reached skill level 22 in Invocations
 44162 | Snake:4  | Reached skill level 1 in Spellcasting
 44556 | Snake:4  | Got a serpentine rune of Zot
 44735 | Snake:4  | Killed Roxanne
 45095 | Vaults:1 | Entered Level 1 of the Vaults
 46488 | Vaults:1 | Reached skill level 5 in Spellcasting
 46626 | Vaults:2 | Reached skill level 23 in Invocations
 46626 | Vaults:2 | Reached XP level 20. HP: 119/178 MP: 12/35
 46981 | Vaults:2 | Found a staircase to the Crypt.
 47357 | Vaults:2 | Found Zoenk's Distillery.
 47978 | Vaults:2 | Reached skill level 24 in Invocations
 48339 | Vaults:2 | Reached skill level 15 in Armour
 49433 | Vaults:3 | Noticed Asterion
 49439 | Vaults:3 | Killed Asterion
 49711 | Vaults:3 | Reached skill level 25 in Invocations
 49736 | Vaults:3 | Found Wiasan's Assorted Antiques.
 49980 | Vaults:3 | Reached XP level 21. HP: 184/184 MP: 37/37
 51545 | Vaults:4 | Found a transporter.
 51557 | Vaults:4 | Found a transporter.
 51902 | Vaults:4 | Reached skill level 26 in Invocations
 52184 | Vaults:4 | Learned a level 5 spell: Summon Mana Viper
 52192 | Vaults:4 | Learned a level 7 spell: Monstrous Menagerie
 52481 | Elf:1    | Entered Level 1 of the Elven Halls
 53169 | Elf:1    | Found Amaho's Armour Emporium.
 53922 | Elf:2    | Paralysed by an air elemental for 1 turns
 53938 | Elf:2    | Found Vixik's Self-Published Books.
 53999 | Elf:2    | Found Otucw's Jewellery Shop.
 54000 | Elf:2    | Found Vuapluuf's Book Shoppe.
 54000 | Elf:2    | Found Wiozeojujey's Book Shoppe.
 54037 | Elf:2    | Reached XP level 22. HP: 184/191 MP: 37/39
 54062 | Elf:2    | Found Wawner's Book Emporium.
 54069 | Elf:2    | Found Famael's Antique Weapon Emporium.
 54079 | Elf:2    | Found Zuaj's Book Shop.
 54210 | Elf:2    | Found Tojikhlan's General Store.
 54272 | Elf:2    | Found a huge runed translucent gate.
 54272 | Elf:2    | Found a huge runed translucent gate.
 54273 | Elf:2    | Found a huge runed translucent gate.
 54274 | Elf:2    | Found a huge runed translucent gate.
 54288 | Elf:2    | Found a huge runed translucent gate.
 54626 | Elf:3    | Entered Level 3 of the Elven Halls
 54655 | Elf:3    | Found a magical portal.
 54660 | WizLab   | Entered Lehudib's Moon Base
 54715 | WizLab   | Found a transporter.
 55459 | WizLab   | Found a transporter.
 55672 | WizLab   | Reached skill level 27 in Invocations
 55896 | WizLab   | Identified the amulet of Ypte {Acrobat rC- rCorr Str+10
                  | Dex-4}
 56171 | WizLab   | Got the Compilation of Hiemal Zombies
 56172 | WizLab   | Identified the ring of Oguna {Fly rPois rF+ Will- Int+3}
 56176 | WizLab   | Identified the +1 scale mail of the Arcane {^Contam Harm
                  | Regen+ Dex+4}
 56216 | WizLab   | Got Lehudib's Omnibus of Energetic Scree
 57230 | Elf:3    | Identified the +1 leather armour "Zufar" {rCorr Int+2}
 57456 | Elf:3    | Identified the +6 broad axe of Beogh's Inspiration {vamp,
                  | rN++ Str+4 Dex-4}
 57456 | Elf:3    | Identified the ring "Zofuicusk" {*Corrode rN++ Int+2 Dex+6}
 57689 | Elf:3    | Got Aqoth's Quarto of Ice and the Maleficium
 57700 | Elf:3    | Identified the +4 quarterstaff "Gigoj" {vamp, Int+2}
 57747 | Elf:3    | Identified the +4 falchion of Ruination {freeze, rElec
                  | Dex+2}
 58119 | Depths:1 | Entered Level 1 of the Depths
 58149 | Depths:1 | Found a stormy altar of Qazlal.
 58263 | Depths:1 | Identified the serpent talisman of the Untouchables {rC++
                  | Int-3 Dex+2 Stlth+}
 58263 | Depths:1 | Noticed Aizul
 58267 | Depths:1 | Reached skill level 5 in Hexes
 58278 | D:15     | Killed Aizul
 58593 | Depths:1 | Found Petal's Armour Emporium.
 58595 | Depths:1 | Identified the ring "Zoq Teilo" {Will- Str+4 Int+6 Dex+2}
 58928 | Depths:1 | Found a gateway to Hell.
 59035 | Depths:1 | Found Itajileb's Antique Weapon Emporium.
 59048 | Depths:1 | Noticed Norris
 59053 | Depths:1 | Reached XP level 23. HP: 169/199 MP: 16/40
 59058 | Depths:1 | Killed Norris
 59161 | Depths:1 | Found Woramibb's Distillery.
 59169 | Depths:1 | Bought a potion of heal wounds for 80 gold pieces
 59169 | Depths:1 | Bought a potion of heal wounds for 80 gold pieces
 59527 | Depths:1 | Found a hide-covered altar of Uskayaw.
 59793 | Depths:2 | Found a one-way gate leading to the halls of Pandemonium.
 59966 | Depths:2 | Reached skill level 10 in Dodging
 60183 | Depths:2 | Learned a level 7 spell: Summon Hydra
 60916 | Depths:2 | Found a white marble altar of Elyvilon.
 61019 | Depths:2 | Found a one-way gateway to a ziggurat.
 61602 | Depths:2 | Identified the ring "Qanah" {rPois rC- Will++ MP+9 Dex-3}
 61722 | Depths:2 | Noticed a golden dragon
 61730 | Depths:2 | Killed a golden dragon
 62203 | Depths:2 | Noticed a caustic shrike
 62203 | Depths:2 | Noticed a caustic shrike
 62206 | Depths:2 | Noticed a caustic shrike
 62207 | Depths:2 | Noticed a caustic shrike
 62207 | Depths:2 | Noticed a golden dragon
 62217 | Depths:2 | Killed a caustic shrike
 62224 | Depths:2 | Killed a caustic shrike
 62230 | Depths:2 | Killed a caustic shrike
 62557 | Depths:2 | Killed a caustic shrike
 62558 | Depths:2 | Reached XP level 24. HP: 206/206 MP: 40/40
 62890 | Elf:2    | Bought a book of Spatial Translocations for 306 gold pieces
 62893 | Elf:2    | Learned a level 2 spell: Blink
 63228 | Depths:2 | Noticed a caustic shrike
 63228 | Depths:2 | Noticed a caustic shrike
 63230 | Depths:2 | Noticed a caustic shrike
 63237 | Depths:2 | Killed a caustic shrike
 63238 | Depths:2 | Reached skill level 1 in Translocations
 63238 | Depths:2 | Killed a caustic shrike
 63239 | Depths:2 | Killed a caustic shrike
 63242 | Depths:2 | Noticed a caustic shrike
 63248 | Depths:2 | Killed a caustic shrike
 63884 | Depths:2 | Noticed a caustic shrike
 63891 | Depths:2 | Killed a caustic shrike
 63892 | Depths:2 | Reached skill level 5 in Translocations
 64090 | Depths:2 | Noticed a caustic shrike
 64098 | Depths:2 | Killed a caustic shrike
 64253 | Depths:2 | Got the Excursus on the Fulgent Grave
 64256 | Depths:2 | Got the Directory of Inhalation
 64450 | Depths:2 | Found a one-way gate to the infinite horrors of the Abyss.
 65774 | Depths:3 | Noticed a caustic shrike
 65791 | Depths:3 | Killed a caustic shrike
 66875 | Depths:4 | Entered Level 4 of the Depths
 68115 | Depths:4 | Found a gate to the Realm of Zot.
 68412 | Depths:4 | Reached XP level 25. HP: 198/213 MP: 31/40
 68553 | Depths:4 | Noticed a juggernaut
 68560 | Depths:4 | Killed a juggernaut
 68925 | Depths:4 | Noticed Sojobo
 68971 | Depths:4 | Killed Sojobo
 69802 | D:15     | Bought a scroll of acquirement for 1404 gold pieces
 69802 | D:15     | Acquired the +0 helmet of Resilience {Rampage Will+}
 69849 | D:15     | Bought a potion of haste for 140 gold pieces
 69849 | D:15     | Bought a potion of heal wounds for 70 gold pieces
 69849 | D:15     | Bought a potion of curing for 42 gold pieces
 69849 | D:15     | Bought a potion of curing for 42 gold pieces
 69849 | D:15     | Bought a potion of haste for 140 gold pieces
 69849 | D:15     | Bought a potion of enlightenment for 70 gold pieces
 69849 | D:15     | Bought a potion of curing for 42 gold pieces
 70085 | Vaults:5 | Entered Level 5 of the Vaults
 70236 | Vaults:5 | Noticed an ancient lich
 70243 | Vaults:5 | HP: 7/214 [ancient lich/crystal spear (51)]
 70254 | Vaults:5 | Killed an ancient lich
 70367 | Vaults:5 | Identified the ring "Dogelo Haqu" {rC+ Str+2}
 70529 | Vaults:5 | Paralysed by an ogre mage for 2 turns
 71223 | Vaults:5 | Identified the +0 robe "Qane" {rPois Int+4}
 71229 | Vaults:5 | Reached skill level 1 in Evocations
 71675 | Vaults:5 | Reached XP level 26. HP: 228/234 MP: 40/40
 72188 | Vaults:5 | Got Zanown's Discursus on Elsewhere and Malediction
 72190 | Vaults:5 | Identified the +0 scale mail "Yximpa" {rN+ Will++ rCorr
                  | Stlth+}
 72400 | Vaults:5 | Reached skill level 5 in Evocations
 72424 | Vaults:5 | Reached XP level 27. HP: 244/244 MP: 40/40
 72566 | Vaults:5 | Got the Compilation of Floating Destruction
 72847 | Vaults:5 | Got a silver rune of Zot
 73199 | Crypt:1  | Entered Level 1 of the Crypt
 73541 | Crypt:1  | Noticed Xtahua
 73551 | Crypt:1  | Killed Xtahua
 74506 | Crypt:2  | Found a runed translucent gate.
 74507 | Crypt:2  | Found a runed translucent gate.
 74507 | Crypt:2  | Found a runed translucent gate.
 74507 | Crypt:2  | Noticed a dread lich
 74508 | Crypt:2  | Found an ancient bone altar of Kikubaaqudgha.
 74508 | Crypt:2  | Noticed Dyigyrgh's ghost (adept GrFi)
 74508 | Crypt:2  | Noticed Pimiptod's ghost (adept MiFi)
 74508 | Crypt:2  | Noticed an ancient lich
 74520 | Crypt:2  | Killed a dread lich
 74522 | Crypt:2  | Killed an ancient lich
 74523 | Crypt:2  | Reached skill level 15 in Dodging
 74534 | Crypt:2  | Killed Pimiptod's ghost
 74542 | Crypt:2  | Killed Dyigyrgh's ghost
 74553 | Crypt:2  | Identified the +0 helmet of Lilacs {Stlth+}
 74559 | Crypt:2  | Identified the ring of Foolhardiness {rF+ Stlth+}
 75143 | Crypt:3  | Entered Level 3 of the Crypt
 75424 | Crypt:2  | Found a basalt altar of Yredelemnul.
 75746 | Crypt:3  | Found a staircase to the Tomb.
 75845 | Crypt:3  | Acquired the scarf of Ytuwunly {rC+ rF+, Regen+ MP+9 Dex+5}
 75963 | Crypt:3  | Noticed a dread lich
 76523 | Zot:1    | Entered Level 1 of the Realm of Zot
 76528 | Zot:1    | Noticed an orb of fire
 76538 | Depths:4 | Killed an orb of fire
 76747 | Zot:1    | Learned a level 4 spell: Manifold Assault
 76752 | Zot:1    | Learned a level 4 spell: Passage of Golubria
 78576 | Zot:2    | Noticed Parghit
 78603 | Zot:1    | Killed Parghit
 79039 | Zot:2    | Reached skill level 10 in Translocations
 79301 | Zot:2    | Identified the +2 robe of the New World {Dex+4}
 79724 | Zot:1    | Learned a level 4 spell: Vhi's Electric Charge
 79879 | Zot:2    | Noticed Grunn
 79890 | Zot:2    | Killed Grunn
 80846 | Zot:3    | Identified the +3 chain mail of Miebra {rN+}
 81235 | Zot:3    | Reached skill level 10 in Spellcasting
 81313 | Zot:3    | Learned a level 9 spell: Dragon's Call
 82844 | Zot:4    | Found the +4 dragonskin cloak
 82844 | Zot:4    | Noticed Tiamat
 82909 | Zot:4    | Killed Tiamat
 83933 | Zot:4    | Identified the +5 great mace of Efimeosi {antimagic, Dex+3}
 83936 | Zot:4    | Identified the ring "Lasmoh" {Fly rN+ Int+3 Dex-3}
 84533 | Zot:5    | Entered Level 5 of the Realm of Zot
 85481 | Zot:5    | Noticed a dread lich
 85502 | Zot:5    | Killed a dread lich
 85579 | Zot:5    | Noticed a dread lich
 85592 | Zot:5    | Noticed an orb of fire
 85593 | Zot:5    | Noticed an orb of fire
 85596 | Zot:5    | Noticed an ancient lich
 85600 | Zot:5    | Killed a dread lich
 85617 | Zot:5    | Killed an orb of fire
 85622 | Zot:5    | Killed an ancient lich
 85636 | Zot:5    | Killed an orb of fire
 85779 | Zot:5    | Noticed a dread lich
 85783 | Zot:5    | Noticed an orb of fire
 85791 | Zot:5    | Killed a dread lich
 85793 | Zot:5    | Killed an orb of fire
 86127 | Zot:5    | Got the Orb of Zot
 86343 | Zot:1    | Noticed Angous Foha the pandemonium lord
 86670 | D:7      | Noticed Oroqoh the pandemonium lord
 86981 | D:2      | Noticed Natasha
 86986 | D:2      | Killed Natasha
 87047 | D:$      | Escaped with the Orb!

Illustrated notes

Levels and vault maps discovered:
D:1:      minmay_arrival_radiant_lines, layout_loops_ring
D:2:      minmay_chambers_of_twos, layout_basic, uniq_natasha
D:3:      layout_loops_ring, ebering_ghost_disaster_area, uniq_sigmund
D:4:      layout_basic, temple_green, minmay_misc_feat_five,
          kennysheep_generic_room_3
D:5:      layout_basic, minmay_misc_feat_enclosed
D:6:      layout_loops_corners, makhleb_grotto_becter, nicolae_shop_vocational
D:7:      layout_gridville, serial_shops, nicolae_shop_waterfront,
          ebering_ghost_rock_garden
D:8:      layout_basic, hellmonk_lair_entry_icy, eino_jars
D:9:      layout_gridville
D:10:     layout_loops_cross, kb_xom_exploding_sheep, serial_glass,
          glass_columns_a, glass_columns_a
D:11:     layout_roguey, chequers_serial_rivers_micro_e, uniq_erica
D:12:     gammafunk_boulding_lane, layout_irregular_city, orc_0_dummy,
          serial_shops, nicolae_shop_overgrown_old_shop
D:13:     minmay_imperfect_grid, layout_basic, uniq_rupert
D:14:     layout_roguey, david_vaults_1, hangedman_decor_peaks_small
D:15:     gammafunk_depths_entry_grave, layout_rooms, nicolae_vehumet_radiance,
          serial_shops, shop_fountains, shop, nicolae_shop_tiny_waterfront, shop
Temple:   mainiacjoe_temple_cubbyholes
Lair:1:   layout_misc_corridors
Lair:2:   layout_regular_city, nicolae_shoals_entry_roost,
          nicolae_quartered_pool_little, minmay_lindwurm_lava, uniq_amaemon
Lair:3:   lemuel_reptile_caves, layout_long_grid, guppyfry_snake_entry_island,
          dreamdust_gnoll_shepherd, grunt_megastairs_3
Lair:4:   layout_regular_city, dpeg_slime_entry_enclosed, basic_altar
Lair:5:   grunt_lair_end_beastmaster, layout_regular_city, basic_altar,
          uniq_kirke
Shoals:1: layout_shoals, nicolae_shoals_spring_well_temple
Shoals:2: cheibrodos_shoals_roost, layout_shoals, nicolae_island_escapes
Shoals:3: layout_shoals, serial_nicolae_subway, nicolae_sub_station_crystal,
          nicolae_sub_station_metal, nicolae_sub_station_stone
Shoals:4: shoals_end_grunt_garden, layout_shoals
Snake:1:  layout_onion_interference, uniq_azrael
Snake:2:  layout_onion, serial_shops, shop, lemuel_fruit_tree
Snake:3:  layout_rooms, serial_bayou_pond_a, nicolae_snake_snake_lake,
          uniq_vashnia
Snake:4:  grunt_snake_rune_serpentine_throne, layout_grid_shapes,
          grunt_megastairs_2, uniq_roxanne
Orc:1:    layout_caves, basic_altar, nicolae_orc_rich_vein
Orc:2:    hellmonk_orc_salted, layout_diamond_mine, serial_shops,
          nicolae_shop_hallway_stairs, gammafunk_ghost_split,
          gauntlet_entry_generic, uniq_josephine, uniq_urug, uniq_snorg
Elf:1:    eino_elf_arrival_sip, layout_geoelf_diagonals, serial_shops,
          nicolae_shop_competitors_out_of_business, serial_corexii_hall,
          corexii_hall_statues_l, corexii_hall_statues_x, minivault_28,
          grunt_ministairs_15, lemuel_flamethrower_3
Elf:2:    elven_hall_of_blades_hangedman_alternative
          [nicolae_blade_entry_crossed_weapons], layout_gridlike, serial_shops,
          nicolae_shop_rolling_square, nicolae_shop_tiny_waterfront, shop,
          nicolae_shop_waterfront, st_stairs_11, nicolae_custom_books,
          minmay_shop_grove
Elf:3:    elf_hall, layout_geoelf_octagon, mu_enter_wizlab_1
Vaults:1: v_pattern_2, vaults_dpeg_cross, v_misc_23, v_misc_22,
          dpeg_vaults_monster_box, nicolae_vaults_house_1,
          nicolae_vaults_cochlea, nicolae_vaults_layer_cake_slice,
          layout_vaults_omnigrid
Vaults:2: nicolae_vaults_trapezoid_lopsided_1, minmay_crypt_entry_simple_plaza,
          nicolae_vaults_disjoint_gnomons, vaults_dpeg_ring, v_misc_30,
          vaults_room_grunt_arrival_ludios, grunt_vaults_diagonal,
          nicolae_vaults_cochlea, nicolae_vaults_cornered_office,
          vaults_standard_mumra_lines, nicolae_vaults_network_square,
          vaults_room_stairs_pillars, nicolae_vaults_specimen_jars,
          vaults_room_pools, grunt_vaults_focal, layout_vaults_omnibox,
          serial_shops, shop
Vaults:3: nicolae_vaults_an_arrangement, vaults_mumra_hex,
          nicolae_vaults_closet_pinwheel_3, nicolae_vaults_diamond_1,
          nicolae_vaults_storage_room_doors, v_misc_27, nicolae_vaults_prndl,
          hangedman_vaults_stream, v_misc_17, v_rooms_3, ontoclasm_vaults_chip,
          layout_vaults_omnicross, serial_shops, nicolae_shop_tiny_glass,
          uniq_asterion
Vaults:4: vaults_dpeg_spiral, vaults_mumra_minichess_inversion,
          nicolae_vaults_house_3, nicolae_vaults_storage_closets_1,
          ontoclasm_vaults_chip, v_misc_12, nicolae_vaults_theta,
          nicolae_vaults_layer_cake_slice, nicolae_vaults_double_plus_2,
          v_misc_2, gammafunk_sealed_arena, v_misc_10, layout_vaults_ring
Vaults:5: serial_shops
Crypt:1:  layout_chaotic_city, fountainhead, uniq_xtahua
Crypt:2:  layout_rooms, gammafunk_ghost_crypt, grunt_megastairs_1,
          lemuel_upstairs_altar, lemuel_elevator
Crypt:3:  david_glass_crypt, layout_misc_corridors
Depths:1: layout_cave_shapes, lightli_too_deep, serial_shops,
          nicolae_shop_statue_plus, shop, shop, nicolae_uskayaw_dance_hall,
          serial_bayou_ford_a, grunt_qazlal_sundering, serial_bayou_shore_b,
          kennysheep_random_hallway, uniq_norris, uniq_aizul
Depths:2: grunt_bent_corner, layout_cave_shapes, enter_ziggurat_c,
          elyvilon_altar_5, pan_entry, abyss_entry_small_statue_room,
          grunt_hell_entry_dis_grunt
Depths:3: dreamdust_merry_men, layout_gridville, abyss_entry,
          hangedman_geh_valley, pan_entry, kennysheep_another_room,
          serial_library, serial_library_hellmonk_small_alcove,
          serial_library_hellmonk_octagon, serial_library_hellmonk_open_cross,
          serial_library_hellmonk_hallway_a, serial_library_hellmonk_room_b,
          serial_library_hellmonk_hallway_a, serial_library_hellmonk_hallway_b,
          serial_library_hellmonk_room_b, chequers_serial_rivers_micro_a,
          wad_mini_maze, uniq_josephina
Depths:4: grunt_crosshair, layout_twisted_cross, hell_entry,
          serial_bayou_shore_b, uniq_sojobo
Zot:1:    layout_gridlike, hangedman_elemental_grid_stream
Zot:2:    layout_gridville, hangedman_zot_decor_checkerboard, lemuel_elevator,
          uniq_grunn, uniq_parghit
Zot:3:    layout_onion_interference, st_stairs_6
Zot:4:    layout_twisted_circle, regret_index_zotdec_decaying_vile,
          st_grand_hoard_of_tiamat
Zot:5:    layout_cathedral_of_symmetry, st_stairs_3

Skill      XL: |  1  2  3  4  5  6  7  8  9 10 11 12 13 14 15 16 17 18 19 20 21 22 23 24 25 26 27 |
---------------+----------------------------------------------------------------------------------+-----
Axes           | 5 6 7 9 10 11 13 15 17 20 21 24 | 24.0
Invocations    | 2 5 8 11 14 17 18 21 23 25 26 27 | 27.0
Armour         | 6 10 12 14 16 19 21 | 21.1
Dodging        | 6 8 13 18 | 18.0
Fighting       | 10 11 15 18 19 20 | 20.0
Summonings     | 4 12 14 15 18 20 24 | 24.7
Earth Magic    | 6 7 |  7.0
Hexes          | 2 3 6 7 |  7.0
Air Magic      | 1 3 |  3.0
Spellcasting   | 5 6 11 | 11.1
Translocations | 5 6 10 | 10.0
Evocations     | 3 5 6 |  6.0

Action                     |  1- 3 |  4- 6 |  7- 9 | 10-12 | 13-15 | 16-18 | 19-21 | 22-24 | 25-27 || total
---------------------------+-------+-------+-------+-------+-------+-------+-------+-------+-------++-------
  Melee: Hand axe          |    70 |   161 |   303 |       |       |       |       |       |       ||   534
         War axe           |       |       |    24 |   151 |       |       |       |       |       ||   175
         Battleaxe         |       |       |       |   426 |   330 |     7 |    23 |     3 |       ||   789
         Executioner's axe |       |       |       |     3 |   381 |   809 |   821 |   893 |  1600 ||  4507
   Cast: Animate Armour    |       |       |       |       |       |    15 |    23 |    34 |    26 ||    98
         Call Canine Famil |       |       |       |       |       |     4 |     6 |     4 |     1 ||    15
         Summon Lightning  |       |       |       |       |       |     3 |       |     1 |     2 ||     6
         Summon Guardian G |       |       |       |       |       |       |     1 |     1 |       ||     2
         Summon Mana Viper |       |       |       |       |       |       |       |     1 |     6 ||     7
         Summon Hydra      |       |       |       |       |       |       |       |     6 |    12 ||    18
         Monstrous Menager |       |       |       |       |       |       |       |     1 |    12 ||    13
         Manifold Assault  |       |       |       |       |       |       |       |       |    32 ||    32
         Blink             |       |       |       |       |       |       |       |       |     2 ||     2
         Passage of Golubr |       |       |       |       |       |       |       |       |     1 ||     1
         Dragon's Call     |       |       |       |       |       |       |       |       |     1 ||     1
 Invoke: Recite            |       |       |       |     2 |     6 |    53 |    45 |    61 |    66 ||   233
         Vitalisation      |       |       |       |     1 |       |       |       |       |     3 ||     4
         Imprison          |       |       |       |       |       |       |       |       |     1 ||     1
  Evoke: Wand              |       |       |       |     1 |     1 |       |       |       |       ||     2
    Use: Potion            |     1 |     1 |     1 |     1 |     8 |     4 |       |     2 |    54 ||    72
         Scroll            |       |    10 |     7 |    11 |    15 |    13 |     2 |     8 |    25 ||    91
   Stab: Confused          |       |       |       |       |     3 |    30 |    59 |    31 |    53 ||   176
         Paralysed         |       |       |       |       |       |    30 |    19 |    29 |    15 ||    93
         Invisible         |       |       |       |       |       |     3 |       |     3 |       ||     6
         Distracted        |       |       |       |       |       |     1 |     1 |     4 |    10 ||    16
 Armour: Robe              |    24 |       |       |       |       |       |       |       |       ||    24
         Ring mail         |    11 |    42 |       |       |       |       |       |       |       ||    53
         Scale mail        |       |    30 |   200 |   404 |       |       |       |       |       ||   634
         Plate armour      |       |       |       |    67 |   738 |   115 |       |       |       ||   920
         Pearl dragon scal |       |       |       |       |       |   884 |   858 |  1008 |  1877 ||  4627
  Dodge: Dodged            |    45 |    85 |   113 |   279 |   275 |   483 |   451 |   557 |  1423 ||  3711

Table legend: (Time is in decaauts)
 A = Elapsed time spent in this place.
 B = Non-inter-level travel time spent in this place.
 C = Inter-level travel time spent in this place.
 D = Time resting spent in this place.
 E = Time spent auto-exploring this place.
 F = Levels seen in this place.
 G = Mean time per level.
                   A        B        C        D        E       F      G
               +--------+--------+--------+--------+--------+-----+--------+
         Total |  87186 |  80501 |   6685 |  23667 |  37560 |  53 | 1645.0 |
       Dungeon |  19954 |  17569 |   2385 |   3577 |  11187 |  15 | 1330.3 |
        Temple |     62 |      2 |     60 |      0 |      0 |   1 |   62.0 |
          Lair |  11345 |  10650 |    695 |   4449 |   4395 |   5 | 2269.0 |
        Shoals |   7377 |   6975 |    402 |   2906 |   2401 |   4 | 1844.2 |
     Snake Pit |   5479 |   5289 |    190 |   1565 |   2360 |   4 | 1369.8 |
  Orcish Mines |   1959 |   1762 |    197 |    183 |   1106 |   2 |  979.5 |
   Elven Halls |   4228 |   3865 |    363 |    833 |   2166 |   3 | 1409.3 |
        Vaults |  10976 |  10064 |    912 |   2411 |   4900 |   5 | 2195.2 |
         Crypt |   3070 |   2902 |    168 |    328 |   1790 |   3 | 1023.3 |
        Depths |  10969 |  10347 |    622 |   4552 |   3393 |   4 | 2742.2 |
           Zot |   9442 |   8755 |    687 |   2301 |   2913 |   5 | 1888.4 |
        Wizlab |   1592 |   1592 |      0 |    449 |    587 |   1 | 1592.0 |
      Gauntlet |    727 |    727 |      0 |    111 |    360 |   1 |  727.0 |
               +--------+--------+--------+--------+--------+-----+--------+

Top non-repeatable levels by time:
Depths:1: 3072 daAuts
Depths:2: 2999 daAuts
Vaults:5: 2983 daAuts
  Lair:2: 2960 daAuts
Depths:3: 2800 daAuts
Shoals:2: 2577 daAuts
  Lair:3: 2520 daAuts
   Zot:4: 2495 daAuts
Vaults:2: 2426 daAuts
  Lair:5: 2196 daAuts
Vaults:1: 2154 daAuts
   Zot:1: 2150 daAuts
Depths:4: 2097 daAuts
 Snake:4: 2038 daAuts
  Lair:1: 1946 daAuts
